 Dungeon Crawl Stone Soup version 0.28-a0-1493-g08698888e4 (webtiles) character file.

Game seed: 4851498688800407114

1603 freelancePsychic the Poker (level 8, -2/67 HPs)
             Began as a Demonspawn Abyssal Knight on Jan 13, 2022.
             Was a Priest of Lugonu.
             Slain by a hornet (3 damage)
             ... on level 7 of the Dungeon.
             The game lasted 00:14:57 (6541 turns).

freelancePsychic the Poker (DsAK)                   Turns: 6541, Time: 00:14:58

Health: -2/67      AC: 15    Str: 16    XL:     8   Next: 63%
Magic:  0/14       EV: 11    Int: 11    God:    Lugonu [***...]
Gold:   214        SH:  5    Dex: 14    Spells: 7/15 levels left

rFire   . . .      SeeInvis .   a - +1 spear
rCold   . . .      Faith    .   (no shield)
rNeg    . . .      Spirit   .   b - +0 leather armour
rPois   .          Reflect  +   (helmet restricted)
rElec   .          Harm     .   (no cloak)
rCorr   .          Rampage  .   (no gloves)
Will    .....                   (no boots)
Stlth   +.........              k - amulet of reflection
HPRegen 0.21/turn               (no ring)
MPRegen 0.14/turn               (no ring)

@: sanguine armoured, freezing walls, slowed, very slow
A: antennae 1, sanguine armour 3
a: Renounce Religion, Depart the Abyss, Bend Space, Banish


You were on level 7 of the Dungeon.
You worshipped Lugonu.
Lugonu was most pleased with you.
You visited 1 branch of the dungeon, and saw 6 of its levels.
You visited the Abyss 1 time.

You collected 214 gold pieces.

Inventory:

Hand Weapons
 a - a +1 spear (weapon)
Armour
 b - a +0 leather armour (worn)
 g - an orb of mayhem
Jewellery
 c - a ring of ice
 k - an amulet of reflection (around neck)
Scrolls
 d - 2 scrolls of identify {@r1}
 e - a scroll of magic mapping
 f - a scroll of silence
 i - a scroll of acquirement {unknown}
 j - a scroll of fog
 l - 2 scrolls of teleportation {@r4}
 o - a scroll of immolation {unknown}
 s - a scroll of blinking {unknown}
Potions
 h - a potion of degeneration
 m - a potion of cancellation {unknown}
 q - 2 potions of haste {unknown}
 r - a potion of flight {unknown}


   Skills:
 + Level 7.6 Fighting
 - Level 7.6 Polearms
 - Level 1.7 Armour
 - Level 0.8 Dodging
 - Level 4.3 Spellcasting
 + Level 4.1 Necromancy
 - Level 4.4 Ice Magic
 + Level 1.4 Earth Magic
 + Level 5.7 Invocations


You had 7 spell levels left.
You knew the following spells:

 Your Spells              Type           Power      Damage    Failure   Level
a - Borgnjor's Vile Clut  Necr/Erth      4%         N/A       94%         5
b - Frozen Ramparts       Ice            24%        1d4       14%         3

Your spell library contained the following spells:

 Spells                   Type           Power      Damage    Failure   Level
 Freeze                   Ice            48%        1d7       4%          1
 Beastly Appendage        Tmut           4%         N/A       28%         1
 Sting                    Tmut/Pois      8%         1d3       28%         1
 Animate Dead             Necr           5%         N/A       45%         4
 Dazzling Flash           Conj/Hex       4%         N/A       63%         3
 Hailstorm                Conj/Ice       7%         3d4       75%         4
 Agony                    Necr           11%        N/A       82%         5
 Alistair's Intoxication  Tmut/Pois      1%         N/A       100%        5
 Silence                  Hex/Air        1%         N/A       100%        5
 Eringya's Noxious Bog    Tmut/Pois      1%         N/A       100%        6
 Haunt                    Necr/Summ      3%         N/A       100%        7
 Infestation              Necr           5%         N/A       100%        8


Dungeon Overview and Level Annotations

Branches:
Dungeon (5/15)
 Temple: D:4-7

Altars:
Sif Muna
Trog
Yredelemnul

Annotations:
D:3 exclusion: downstairs


Innate Abilities, Weirdness & Mutations

You have a pair of small antennae on your head.
When seriously injured, your blood forms very thick armour. (AC +12)


Message History

Unknown command.
Unknown command.
Unknown command.
Unknown command.
Unknown command.
Unknown command.
Unknown command.
Unknown command.
Unknown command.
Unknown command.
Unknown command.
Unknown command.
Unknown command.
Unknown command.
Unknown command.
Casting: Frozen Ramparts (dangerous; 14% risk of failure)
Confirm with . or Enter, or press ? or * to list all spells.
Casting: Frozen Ramparts (dangerous; 14% risk of failure)
Press: ? - help, Dir - look around, f - activate The walls around you are covered in ice.
You feel sick.
The wall freezes the hornet.
The hornet stings you but does no damage.
The wall freezes the hornet.
The hornet stings you!
* * * LOW HITPOINT WARNING * * *
You feel as though you will be slow longer.
You feel better.
The wall freezes the hornet.
The hornet stings you!
* * * LOW HITPOINT WARNING * * *
You feel as though you will be slow longer.
The wall freezes the hornet.
The hornet stings you.
* * * LOW HITPOINT WARNING * * *
You feel as though you will be slow longer.
As you read the scroll of fear, it crumbles to dust.
You assume a fearsome visage.
The hornet looks frightened!
The wall freezes the hornet.
Your attack snaps the hornet out of its fear.
The hornet stings you!
* * * LOW HITPOINT WARNING * * *
You feel as though you will be slow longer.
The wall freezes the hornet.
The hornet stings you.
You die...

..##.# ##....##...........
####.# #...................#
.....# #.....#)#...........#
.....## #.....#.#...........#
......# #.....#.#...........#
..###.###.....#.#...........#
..# #))##.....#.#(..........#
..# ##.##..####.##.<........#
..# #..#..# #.@y.........# ..#
##.#..#######.........# ..#
#.#..................# ..#
#....#####..........^....
..#####........................
...............#...#..........h
...............#...#...........
...............#...#...........
...............#...######......


You could see a hornet.

Vanquished Creatures
  A wyvern (D:7)
  A water moccasin (D:7)
  An orc warrior (D:4)
  2 centaurs (D:7)
  A phantom (D:5)
  A kobold brigand (D:7)
  A wight (D:4)
  A bullfrog zombie (D:4)
  An orc priest (D:4)
  A hound (D:5)
  A human zombie (D:4)
  A centaur zombie (D:4)
  3 centaur skeletons (D:7)
  An iguana (D:4)
  4 orc wizards
  3 scorpion zombies (D:4)
  2 hound zombies (D:4)
  A hound skeleton (D:5)
  A mummy (D:4)
  7 adders
  2 adder zombies (D:4)
  A worm (D:4)
  3 dart slugs
  10 orcs
  5 bats
  6 endoplasms
  A giant cockroach (D:2)
  4 hobgoblins
  7 jackals
  10 kobolds
  2 quokkas
  9 ball pythons
  A frilled lizard (D:1)
  4 goblins
  4 rats
104 creatures vanquished.

Vanquished Creatures (collateral kills)
  A kobold (D:2)
1 creature vanquished.

Vanquished Creatures (others)
  6 plants (D:2)
6 creatures vanquished.

Grand Total: 111 creatures vanquished

Notes
Turn   | Place    | Note
-------+----------+-------------------------------------------
     0 | Abyss:1  | freelancePsychic the Demonspawn Abyssal Knight began the
                  | quest for the Orb.
     0 | Abyss:1  | Reached XP level 1. HP: 18/18 MP: 2/2
    20 | D:1      | Escaped the Abyss
   164 | D:1      | Found a faded altar of an unknown god.
   422 | D:1      | Gained mutation: When seriously injured, your blood forms
                  | armour. (AC +12) [demonic ancestry]
   422 | D:1      | Reached XP level 2. HP: 17/24 MP: 3/3
   697 | D:1      | Reached ** piety under Lugonu
  1302 | D:2      | Reached XP level 3. HP: 21/29 MP: 4/4
  1675 | D:2      | Gained mutation: You have a pair of small antennae on your
                  | head. [demonic ancestry]
  1675 | D:2      | Reached XP level 4. HP: 21/37 MP: 5/5
  2905 | D:3      | Reached XP level 5. HP: 6/47 MP: 5/11
  3134 | D:3      | Learned a level 3 spell: Frozen Ramparts
  3425 | D:4      | Reached *** piety under Lugonu
  3426 | D:4      | Reached XP level 6. HP: 50/53 MP: 6/12
  3472 | D:4      | Found a shimmering blue altar of Sif Muna.
  3479 | D:4      | Got Sif Muna's Compendium of Mutagenic Poisoning
  3484 | D:4      | Found a bloodstained altar of Trog.
  3486 | D:4      | Noticed an orc warrior
  3969 | D:4      | Reached skill level 1 in Necromancy
  4331 | D:4      | Gained mutation: When seriously injured, your blood forms
                  | thick armour. (AC +12) [demonic ancestry]
  4331 | D:4      | Reached XP level 7. HP: 44/59 MP: 13/13
  4443 | D:4      | Found a basalt altar of Yredelemnul.
  5544 | D:5      | Entered Level 5 of the Dungeon
  5723 | D:5      | Gained mutation: When seriously injured, your blood forms
                  | very thick armour. (AC +12) [demonic ancestry]
  5723 | D:5      | Reached XP level 8. HP: 64/67 MP: 14/14
  5789 | D:5      | You fall into a shaft and drop 2 floors!
  5897 | D:7      | Reached skill level 5 in Invocations
  6091 | D:7      | Reached skill level 1 in Earth Magic
  6446 | D:7      | Learned a level 5 spell: Borgnjor's Vile Clutch
  6527 | D:7      | Noticed a hornet
  6537 | D:7      | Paralysed by a hornet for 2 turns
  6541 | D:7      | HP: 1/67 [hornet (13)]
  6541 | D:7      | Slain by a hornet

Illustrated notes

Levels and vault maps discovered:
D:1:      lightli_arrival_noodles, layout_loops_ring,
          ebering_ecumenical_altar_box, minmay_misc_feat_hallway,
          hangedman_decor_points, patterned_corridor
D:2:      layout_rooms, serial_bayou_pond_a
D:3:      layout_basic
D:4:      layout_basic, lemuel_mausoleum_altar_yredelemnul,
          nzn_overflow_gifts_of_might_and_magic, minmay_small_thing
D:5:      layout_rooms
D:7:      layout_basic, hangedman_minor_gate_pass

Skill      XL: |  1  2  3  4  5  6  7  8 |
---------------+-------------------------+-----
Polearms       | 2 3 7 |  7.6
Fighting       | 6 7 |  7.6
Spellcasting   | 4 |  4.3
Ice Magic      | 4 |  4.4
Necromancy     | 1 3 4 |  4.1
Invocations    | 3 4 5 |  5.7
Earth Magic    | 1 |  1.4
Armour         | |  1.7
Dodging        | |  0.8

Action                   |  1- 3 |  4- 6 |  7- 9 || total
-------------------------+-------+-------+-------++-------
Melee: Spear             |   109 |   234 |   158 ||   501
       Punch             |     2 |     2 |     4 ||     8
 Cast: Frozen Ramparts   |       |     8 |    18 ||    26
Invok: Banish            |       |       |     5 ||     5
       Bend Space        |       |       |     1 ||     1
  Use: Scroll            |     1 |     4 |     2 ||     7
       Potion            |       |     6 |     1 ||     7
 Stab: Sleeping          |       |     1 |     1 ||     2
Armor: Leather armour    |    28 |    40 |    37 ||   105
Dodge: Dodged            |    57 |    69 |    77 ||   203
Block: Other             |       |    29 |    26 ||    55
       Reflection        |       |       |     2 ||     2

Table legend: (Time is in decaauts)
 A = Elapsed time spent in this place.
 B = Non-inter-level travel time spent in this place.
 C = Inter-level travel time spent in this place.
 D = Time resting spent in this place.
 E = Time spent auto-exploring this place.
 F = Levels seen in this place.
 G = Mean time per level.
                   A        B        C        D        E       F      G
               +--------+--------+--------+--------+--------+-----+--------+
         Total |   6461 |   6281 |    180 |    967 |   4148 |   7 |  923.0 |
       Dungeon |   6441 |   6261 |    180 |    967 |   4133 |   6 | 1073.5 |
         Abyss |     20 |     20 |      0 |      0 |     15 |   1 |   20.0 |
               +--------+--------+--------+--------+--------+-----+--------+

Top non-repeatable levels by time:
     D:4: 1736 daAuts
     D:2: 1337 daAuts
     D:1: 1222 daAuts
     D:3: 1171 daAuts
     D:7: 738 daAuts
     D:5: 235 daAuts
 Abyss:1: 20 daAuts
